 Seeded DCSS version 0.30.0-15-g856e2d3f33 (webtiles) character file.

Game seed: 266710135376607070 (custom seed)

424 Pimp the Shooter (level 6, -9/49 HPs)
             Began as a Barachi Hunter on May 18, 2023.
             Mangled by a two-headed ogre
             ... wielding a +0 giant club
              (15 damage)
             ... on level 4 of the Dungeon.
             The game lasted 00:05:19 (1847 turns).

Pimp the Shooter (Barachi Hunter)                   Turns: 1847, Time: 00:05:19

Health: -9/49      AC:  3    Str: 12    XL:     6   Next: 96%
Magic:  6/6        EV: 13    Int:  9    God:
Gold:   144        SH:  0    Dex: 18    Spells: 5/5 levels left

rFire   . . .        q - +3 arbalest (heavy)
rCold   . . .        (shield currently unavailable)
rNeg    . . .        c - +0 leather armour
rPois   .            (no helmet)
rElec   .            f - scarf {repulsion}
rCorr   .            (no gloves)
SInv    .            (no boots)
Will    .....        (no amulet)
Stlth   ++           (no ring)
HPRegen 0.28/turn    (no ring)
MPRegen 0.10/turn

%: repel missiles
@: slow
A: amphibious, slowness 1, strong legs 1, +LOS
a: Hop


You were on level 4 of the Dungeon.
You visited 1 branch of the dungeon, and saw 4 of its levels.

You collected 144 gold pieces.

Inventory:

Hand Weapons
 a - a +0 shortbow
 q - a +3 heavy arbalest (weapon)
Missiles
 r - a throwing net
Armour
 c - a +0 leather armour (worn)
 f - a scarf of repulsion (worn)
Jewellery
 d - a ring of fire
 p - a ring of fire
Scrolls
 b - a scroll of immolation
 h - 2 scrolls of blinking
 k - a scroll of fear
 s - a scroll of enchant armour {unknown}
 t - a scroll of identify
 u - a scroll of teleportation {unknown}
Potions
 e - a potion of brilliance
 g - 2 potions of degeneration
 i - 5 potions of curing
 j - a potion of lignification
 l - 3 potions of attraction
 m - a potion of ambrosia {unknown}
 n - 2 potions of mutation {unknown}
 o - a potion of berserk rage {unknown}


   Skills:
 + Level 4.7 Fighting
 + Level 5.2 Ranged Weapons
 + Level 4.3 Dodging
 + Level 3.3 Stealth


You had 5 spell levels left.
You didn't know any spells.
Your spell library was empty.

Dungeon Overview and Level Annotations

Branches:
Dungeon (4/15)
 Temple: D:4-7

Altars:

Shops:
D:3 [


Innate Abilities, Weirdness & Mutations

You are amphibious.
You cover ground slowly.
You can hop short distances.
You have an extended range of vision and can be seen from far away.


Message History

You shoot a bolt. The bolt hits the phantom!!
You destroy the phantom!
No target in view!
You now have 126 gold pieces (gained 18).
A dart slug comes into view.
You shoot a bolt.
The bolt completely misses the dart slug.
The dart slug launches a dart at you. The slug dart hits you.
You shoot a bolt. The bolt hits the dart slug!
You kill the dart slug!
A dart slug comes into view.
Found 18 gold pieces.
A dart slug is nearby!
You shoot a bolt. The bolt hits the dart slug!!
You kill the dart slug!
t - a scroll of identify
u - a scroll labelled GUYPAI OTUUXZI You now have 144 gold pieces (gained 18).
You see here a +0 trident.
i - 5 potions of curing (gained 1)
Found an escape hatch in the floor.
There is an escape hatch in the floor here.
A hound comes into view.
You shoot a bolt. The bolt hits the hound!!
You kill the hound!
A two-headed ogre comes into view. It is wielding two +0 giant clubs.
You shoot a bolt.
The bolt barely misses the two-headed ogre.
The two-headed ogre barely misses you.
The two-headed ogre hits you with a +0 giant club!
You shoot a bolt.
The bolt barely misses the two-headed ogre.
The two-headed ogre hits you with a +0 giant club.
The two-headed ogre hits you with a +0 giant club!!
Ouch! That really hurt!
* * * LOW HITPOINT WARNING * * *
The two-headed ogre barely misses you.
The two-headed ogre hits you with a +0 giant club!
You die...

# ########
#.......
##.######
##########..#
#
#@.........##
####
#.O.##########
#... #...##
##.## ..?=.#
#>.# #.....
#.## #.##..
##.# #. #.
#..# . #. #.##
.. #.#


You could see a two-headed ogre.

Vanquished Creatures
  Sigmund (D:4)
  A phantom (D:4)
  A hound (D:4)
  4 gnolls (D:3)
  4 adders
  An ufetubus (D:4)
  2 worms (D:2)
  3 dart slugs
  9 endoplasms
  A giant cockroach (D:2)
  4 goblins
  9 hobgoblins
  3 quokkas
  6 ball pythons
  3 bats
  4 kobolds
  10 rats
66 creatures vanquished.

Notes
Turn   | Place    | Note
-------+----------+-------------------------------------------
     0 | D:1      | Pimp the Barachi Hunter began the quest for the Orb.
     0 | D:1      | Reached XP level 1. HP: 17/17 MP: 1/1
    81 | D:1      | Reached skill level 1 in Stealth
    89 | D:1      | Reached XP level 2. HP: 18/23 MP: 2/2
   516 | D:2      | Reached XP level 3. HP: 29/29 MP: 3/3
   783 | D:2      | Identified a scroll of acquirement
   783 | D:2      | Acquired a +3 heavy arbalest
  1154 | D:3      | Reached XP level 4. HP: 35/35 MP: 4/4
  1388 | D:3      | Found Guyxotun's Armour Emporium.
  1433 | D:3      | Reached XP level 5. HP: 42/42 MP: 5/5
  1676 | D:4      | Noticed Sigmund
  1682 | D:4      | Killed Sigmund
  1683 | D:4      | Reached skill level 5 in Ranged Weapons
  1683 | D:4      | Reached XP level 6. HP: 45/49 MP: 6/6
  1845 | D:4      | Noticed a two-headed ogre
  1847 | D:4      | Mangled by a two-headed ogre

Illustrated notes

Levels and vault maps discovered:
D:1:      wander_arrival_estate, layout_basic, st_stairs_9,
          minmay_tiny_reverse_x
D:2:      layout_basic
D:3:      layout_rooms, serial_shops, shop, roderic_serpentine_path
D:4:      cheibrodos_quashed, layout_rooms, slow_altar_1, kennysheep_little_box,
          uniq_sigmund

Skill      XL: |  1  2  3  4  5 |
---------------+----------------+-----
Stealth        | 1 2 3 |  3.3
Fighting       | 3 4 |  4.7
Dodging        | 3 4 |  4.3
Ranged Weapons | 5 |  5.2

Action                     |  1- 3 |  4- 6 || total
---------------------------+-------+-------++-------
   Fire: Shortbow          |    66 |       ||    66
         Arbalest          |     9 |    51 ||    60
    Use: Scroll            |     7 |     3 ||    10
         Potion            |       |     1 ||     1
 Armour: Leather armour    |     5 |     2 ||     7
  Dodge: Dodged            |    14 |    21 ||    35
